 Dungeon Crawl Stone Soup version 0.23.2-33-g5129a83184 (webtiles) character file.

Game seed: 13729883011402195804

819 cjay27 the Agent of Entropy (level 7, -2/56 HPs)
             Began as a Demonspawn Abyssal Knight on July 8, 2019.
             Was a Priest of Lugonu.
             Slain by an ogre
             ... wielding a +0 giant club
              (10 damage)
             ... on level 5 of the Dungeon on July 19, 2019.
             The game lasted 00:13:15 (4375 turns).

cjay27 the Agent of Entropy (DsAK)                  Turns: 4375, Time: 00:13:15

Health: -2/56      AC:  8    Str: 17    XL:     7   Next: 63%
Magic:  11/11      EV:  6    Int: 13    God:    Lugonu [***...]
Gold:   211        SH:  0    Dex: 13    Spells: 6/6 levels left

rFire    . . .     SeeInvis .   a - +1 spear
rCold    . . .     Gourm    .   (no shield)
rNeg     . . .     Faith    .   t - +0 chain mail
rPois    .         Spirit   .   (no helmet)
rElec    .         Reflect  .   (no cloak)
rCorr    .         Harm     .   (no gloves)
MR       .....                  (no boots)
Stlth    ..........             (no amulet)
HPRegen  0.18/turn              d - +3 ring of strength
MPRegen  0.12/turn              r - -4 ring of evasion (curse)

@: no status effects
A: hooves 2, repulsion field 1, spiny 1, rot immunity
a: Depart the Abyss, Bend Space, Banish, Renounce Religion


You were on level 5 of the Dungeon.
You worshipped Lugonu.
Lugonu was most pleased with you.
You were not hungry.

You visited 1 branch of the dungeon, and saw 5 of its levels.
You visited the Abyss 1 time.

You collected 211 gold pieces.

Inventory:

Hand Weapons
 a - a +1 spear (weapon)
Armour
 b - a +0 leather armour
 j - a +0 scale mail
 m - a +0 ring mail
 q - a +0 ring mail of cold resistance
 t - a +0 chain mail (worn)
Jewellery
 d - a +3 ring of strength (left hand)
 r - a cursed -4 ring of evasion (right hand)
 u - an uncursed ring of positive energy {unknown}
Wands
 n - a wand of random effects (10)
 s - a wand of flame (17)
Scrolls
 f - 5 scrolls of identify
 h - a scroll of immolation
 p - a scroll of magic mapping
 v - a scroll of fear
Potions
 e - 3 potions of brilliance
 g - a potion of cancellation {unknown}
 i - a potion of curing {unknown}
 k - 2 potions of haste {unknown}
 l - 2 potions of agility {unknown}
 o - a potion of might {unknown}
Miscellaneous
 w - a phial of floods
Comestibles
 c - 8 rations
 x - a chunk of flesh


   Skills:
 + Level 5.2 Fighting
 + Level 4.2 Polearms
 - Level 1.7 Armour
 + Level 3.9 Dodging
 - Level 6.0 Invocations


You had 6 spell levels left.
You didn't know any spells.
Your spell library was empty.

Dungeon Overview and Level Annotations

Branches:
Dungeon (5/15)
 Temple: D:4-7

Altars:
Gozag
Makhleb
Okawaru
Uskayaw

Shops:
D:4 *


Innate Abilities, Weirdness & Mutations

You have hoof-like feet.
You are surrounded by a mild repulsion field. (EV +2)
You are partially covered in sharp spines.
You are immune to rotting.


Message History

The ogre is moderately wounded.
The ogre hits you with a +0 giant club!
You hit the ogre. You kick the ogre.
The ogre is heavily wounded.
The ogre is struck by your spines.
The ogre hits you with a +0 giant club!!
You are too injured to fight recklessly!
You are too injured to fight recklessly!
You are too injured to fight recklessly!
You are too injured to fight recklessly!
You hit the ogre but do no damage. You kick the ogre.
The ogre is severely wounded.
The ogre hits you with a +0 giant club!!
* * * LOW HITPOINT WARNING * * *
You hit the ogre. Your kick misses the ogre.
The ogre is severely wounded.
You hit the ogre.
The ogre is severely wounded.
The ogre hits you with a +0 giant club!
You die...

#### ########
...##...#.. .........
....... ..... ######
... ##....# #O#
#.....#########@######
#......................
#.....##...............
#.....##............###
#.....##....##..##..#
#.....##....##..# ###
##....##..........
#######........>$.
#............


You could see an ogre.

Vanquished Creatures
  Grinder (D:3)
  2 ogres (D:4)
  2 jellies (D:3)
  An orc priest (D:4)
  A hound (D:4)
  An orc wizard (D:4)
  Terence (D:3)
  Ijyb (D:4)
  Natasha (thrice) (D:3)
  4 adders
  10 oozes
  An adder skeleton (D:4)
  2 worms
  3 dart slugs
  2 leopard geckos (D:1)
  6 orcs (D:4)
  6 giant cockroaches
  2 goblins
  9 hobgoblins
  18 jackals
  13 kobolds
  A quokka (D:2)
  5 bats
  4 frilled lizards
  4 rats
103 creatures vanquished.

Vanquished Creatures (others)
  3 fungi (D:3)
  9 toadstools (D:3)
12 creatures vanquished.

Grand Total: 115 creatures vanquished

Notes
Turn   | Place    | Note
-------+----------+-------------------------------------------
     0 | Abyss:1  | cjay27 the Demonspawn Abyssal Knight began the quest for
                  | the Orb.
     0 | Abyss:1  | Reached XP level 1. HP: 18/18 MP: 2/2
    33 | Abyss:1  | Noticed a neqoxec
    36 | D:1      | Escaped the Abyss
   107 | D:1      | Reached skill level 1 in Dodging
   305 | D:1      | Gained mutation: You are partially covered in sharp spines.
                  | [demonic ancestry]
   305 | D:1      | Reached XP level 2. HP: 24/24 MP: 4/4
   481 | D:1      | Reached * piety under Lugonu
   542 | D:1      | Reached skill level 3 in Invocations
   621 | D:1      | Gained mutation: You are immune to rotting. [demonic
                  | ancestry]
   621 | D:1      | Reached XP level 3. HP: 29/29 MP: 5/5
   823 | D:2      | Found a burning altar of Makhleb.
  1213 | D:2      | Gained mutation: You have large cloven feet. [demonic
                  | ancestry]
  1213 | D:2      | Reached XP level 4. HP: 35/35 MP: 6/6
  1539 | D:3      | Noticed Terence
  1602 | D:3      | Found an iron altar of Okawaru.
  1604 | D:3      | Reached ** piety under Lugonu
  1893 | D:3      | Found an opulent altar of Gozag.
  2003 | D:3      | Noticed Natasha
  2021 | D:3      | Killed Natasha
  2097 | D:3      | Noticed Grinder
  2099 | D:3      | Paralysed by Grinder for 5 turns
  2292 | D:4      | Noticed an ogre
  2321 | D:4      | Killed an ogre
  2321 | D:4      | Reached skill level 4 in Invocations
  2321 | D:4      | Gained mutation: You have hoof-like feet. [demonic
                  | ancestry]
  2321 | D:4      | Reached XP level 5. HP: 22/42 MP: 6/8
  2464 | D:4      | Noticed Ijyb
  2475 | D:4      | Killed Ijyb
  2475 | D:4      | Gained mutation: You are surrounded by a mild repulsion
                  | field. (EV +2) [demonic ancestry]
  2475 | D:4      | Reached XP level 6. HP: 35/48 MP: 9/9
  2940 | D:4      | Found Coahut's General Store.
  3115 | D:4      | Reached skill level 5 in Invocations
  3236 | D:3      | Noticed Natasha
  3244 | D:3      | Killed Natasha
  3561 | D:3      | Reached *** piety under Lugonu
  3561 | D:3      | Reached XP level 7. HP: 55/55 MP: 10/10
  3847 | D:3      | Killed Grinder
  3847 | D:3      | Reached skill level 5 in Fighting
  3954 | D:3      | Killed Terence
  4057 | D:3      | Noticed Natasha
  4058 | D:3      | Found a hide-covered altar of Uskayaw.
  4067 | D:3      | Killed Natasha
  4067 | D:3      | Reached skill level 6 in Invocations
  4213 | D:5      | Entered Level 5 of the Dungeon
  4375 | D:5      | Slain by an ogre

Skill      XL: |  1  2  3  4  5  6  7 |
---------------+----------------------+-----
Polearms       | 2 3 4 |  4.2
Dodging        | 1 2 3 |  3.9
Invocations    | 3 4 5 6 |  6.0
Fighting       | 4 5 |  5.2
Armour         | |  1.7

Action                   |  1- 3 |  4- 6 |  7- 9 || total
-------------------------+-------+-------+-------++-------
Melee: Spear             |   123 |   145 |    74 ||   342
       Kick              |       |    29 |    18 ||    47
Invok: Depart the Abyss  |     1 |       |       ||     1
  Use: Scroll            |       |     8 |       ||     8
  Eat: Chunk             |     1 |     2 |     1 ||     4
       Ration            |       |     2 |       ||     2
Armor: Leather armour    |    20 |       |       ||    20
       Scale mail        |    11 |    33 |       ||    44
       Chain mail        |       |    14 |    15 ||    29
Dodge: Dodged            |    64 |    50 |    10 ||   124
